 Dungeon Crawl Stone Soup version 0.28-b1-25-g9875b3fc8c (webtiles) character file.

Game seed: 9818201339842074475

3899 sanka the Cleaver (level 10, -10/129 HPs)
             Began as a Minotaur Berserker on Feb 5, 2022.
             Was a Priest of Trog.
             Mangled by an orc warlord (24 damage)
             ... in a bailey.
             The game lasted 00:12:37 (8611 turns).

sanka the Cleaver (Minotaur Berserker)              Turns: 8611, Time: 00:12:38

Health: -10/129    AC: 13    Str: 22    XL:     10   Next: 0%
Magic:  9/9        EV: 10    Int:  4    God:    Trog [***...]
Gold:   262        SH:  0    Dex: 14    Spells: 9/9 levels left

rFire   . . .      SeeInvis .   a - +0 war axe
rCold   . . .      Faith    .   (no shield)
rNeg    . . .      Spirit   .   l - +0 chain mail
rPois   .          Reflect  .   (helmet restricted)
rElec   .          Harm     .   (no cloak)
rCorr   +          Rampage  .   s - +0 pair of gloves
Will    ++...                   h - +0 pair of boots
Stlth   ..........              (no amulet)
HPRegen 1.31/turn               v - ring of resist corrosion
MPRegen 0.11/turn               z - ring of flight

@: berserking (expiring), strong-willed, flying, regenerating, very quick
A: horns 2, retaliatory headbutt
a: Renounce Religion, Berserk, Trog's Hand


You were in a bailey.
You worshipped Trog.
Trog was most pleased with you.
You visited 1 branch of the dungeon, and saw 7 of its levels.
You also visited: Bailey.

You collected 262 gold pieces.

Inventory:

Hand Weapons
 a - a +0 war axe (weapon)
 r - a +0 morningstar
Armour
 b - a +0 animal skin
 h - a +0 pair of boots (worn)
 l - a +0 chain mail (worn)
 s - a +0 pair of gloves (worn)
Jewellery
 v - a ring of resist corrosion (left hand)
 z - a ring of flight (right hand)
Wands
 x - a wand of flame (17)
 A - a wand of polymorph (6)
Scrolls
 c - 2 scrolls of blinking {unknown}
 d - 2 scrolls of acquirement {unknown}
 e - 11 scrolls of identify
 k - 2 scrolls of torment {unknown}
 p - 2 scrolls of vulnerability {unknown}
 q - 3 scrolls of teleportation {unknown}
 t - 3 scrolls of enchant weapon
 u - 4 scrolls of fear
 y - a scroll of immolation {unknown}
 B - a scroll of enchant armour {unknown}
Potions
 f - 2 potions of brilliance {unknown}
 g - a potion of mutation {unknown}
 i - 3 potions of flight {unknown}
 j - 3 potions of cancellation
 m - 2 potions of magic {unknown}
 n - 4 potions of curing
 o - 3 potions of heal wounds {unknown}
 w - a potion of lignification {unknown}
 C - a potion of ambrosia {unknown}


   Skills:
 + Level 7.5 Fighting
 * Level 13.2 Axes
 + Level 7.0 Armour
 + Level 6.4 Dodging


You had 9 spell levels left.
You didn't know any spells.
Your spell library was empty.

Dungeon Overview and Level Annotations

Branches:
Dungeon (7/15)             Temple (0/1) D:7          Bailey (1/1)

Altars:
Dithmenos
Nemelex Xobeh
Trog
Zin

Shops:
D:7 *

Annotations:
D:7 Duvessa


Innate Abilities, Weirdness & Mutations

You have a pair of horns on your head.
You reflexively headbutt those who attack you in melee.


Message History

The orc warlord is lightly wounded.
You slash the gnoll! The gnoll hits you but does no damage.
Unknown command.
You closely miss the orc warlord.
The orc warlord is lightly wounded.
You slash the gnoll!
You kill the gnoll!
Trog accepts your kill.
The orc warlord hits you with a +0 great mace!!
You slash the orc warlord! You headbutt the orc warlord.
The orc warlord is moderately wounded.
The orc warlord hits you but does no damage.
Unknown command.
You slice the orc warlord!!
The orc warlord is moderately wounded.
You slash the orc warrior! The orc warrior closely misses you.
You hit the orc warlord but do no damage.
The orc warlord is moderately wounded.
You slash the orc warrior!
The orc warlord hits you with a +0 great mace!!
You slice the orc warlord!!
The orc warlord is heavily wounded.
You hit the orc warrior.
The orc warrior hits you with a +0 war axe!
* * * LOW HITPOINT WARNING * * *
The orc warlord hits you with a +0 great mace!
* * * LOW HITPOINT WARNING * * *
You slash the orc warlord!
The orc warlord is severely wounded.
You hit the orc warrior.
The orc warrior hits you with a +0 war axe!
* * * LOW HITPOINT WARNING * * *
Unknown command.
You hit the orc warlord.
The orc warlord is severely wounded.
You slash the orc warrior!
You kill the orc warrior!
Trog accepts your kill.
The orc warlord hits you with a +0 great mace!!
You die...

♣##)''##♣♣ ##.....##
#.......# ##.......##
#.........# ##.........##
#######.)...⌠.....#######
##.....##).......)##.....##
#.......'o@......)).......#
##.......##.).....##.......#
#.........#.......#.........
##.........##.....##.........
#.....⌠.o...#######.....⌠....
##.........## ##.........
#....o....# #.........
##.......## ##.......#
#...))..# #.......#


You could see an orc warlord.

Vanquished Creatures
  An orc knight (Bailey)
  Joseph (D:7)
  Sigmund (D:4)
  2 steam dragons (D:5)
  Menkaure (D:4)
  A sky beast (D:6)
  A hornet zombie (D:6)
  8 orc warriors (Bailey)
  2 ogres
  A centaur (D:7)
  A phantom (D:6)
  Blork the orc (D:4)
  3 scorpions (D:5)
  A wyvern zombie (D:7)
  A wyvern skeleton (D:6)
  A water moccasin skeleton (D:4)
  Dowan (D:7)
  A bullfrog zombie (D:5)
  A centaur zombie (D:7)
  3 jellies
  4 orc priests
  3 gnoll shamans
  2 hounds (D:6)
  A bullfrog skeleton (D:6)
  Jessica (D:2)
  Natasha (thrice) (D:2)
  2 iguanas
  4 orc wizards
  2 howler monkey zombies (D:6)
  Robin (D:2)
  11 gnolls
  6 adders
  2 white imps (D:5)
  An ufetubus (D:4)
  An adder skeleton (D:4)
  2 worms
  6 dart slugs
  25 orcs
  10 ball pythons
  8 endoplasms
  8 giant cockroaches
  18 hobgoblins
  8 kobolds
  3 quokkas
  8 bats
  A frilled lizard (D:2)
  21 goblins
  4 rats
199 creatures vanquished.

Vanquished Creatures (others)
  4 fungi (D:5)
4 creatures vanquished.

Grand Total: 203 creatures vanquished

Notes
Turn   | Place    | Note
-------+----------+-------------------------------------------
     0 | D:1      | sanka the Minotaur Berserker began the quest for the Orb.
     0 | D:1      | Reached XP level 1. HP: 19/19 MP: 0/0
   442 | D:1      | Reached XP level 2. HP: 26/27 MP: 1/1
   623 | D:1      | Found a faded altar of an unknown god.
   763 | D:1      | Reached skill level 4 in Axes
  1003 | D:2      | Reached XP level 3. HP: 33/33 MP: 2/2
  1084 | D:2      | Noticed Jessica
  1097 | D:2      | Killed Jessica
  1098 | D:2      | Reached skill level 5 in Axes
  1218 | D:2      | Noticed Robin
  1243 | D:2      | Killed Robin
  1244 | D:2      | Reached XP level 4. HP: 30/40 MP: 3/3
  1248 | D:2      | Reached ** piety under Trog
  1759 | D:2      | Noticed Natasha
  1766 | D:2      | Killed Natasha
  1767 | D:2      | Reached skill level 6 in Axes
  2174 | D:3      | Reached XP level 5. HP: 46/46 MP: 4/4
  2336 | D:3      | Found a shadowy altar of Dithmenos.
  2386 | D:3      | Reached skill level 7 in Axes
  2391 | D:3      | Reached XP level 6. HP: 52/52 MP: 5/5
  2980 | D:3      | Found a sparkling altar of Nemelex Xobeh.
  3188 | D:4      | Noticed Blork the orc
  3199 | D:4      | Killed Blork the orc
  3200 | D:4      | Reached skill level 8 in Axes
  3243 | D:4      | Noticed Sigmund
  3355 | D:4      | Killed Sigmund
  3356 | D:4      | Reached skill level 9 in Axes
  3371 | D:4      | Reached XP level 7. HP: 38/59 MP: 6/6
  3792 | D:2      | Noticed Natasha
  3796 | D:2      | Killed Natasha
  3819 | D:2      | Noticed Natasha
  3826 | D:2      | Killed Natasha
  3918 | D:4      | Found a bloodstained altar of Trog.
  4082 | D:4      | Reached skill level 10 in Axes
  4168 | D:4      | Reached *** piety under Trog
  4340 | D:4      | You fall into a shaft and drop 1 floor!
  4340 | D:5      | Entered Level 5 of the Dungeon
  4461 | D:4      | Noticed Menkaure
  4469 | D:4      | Killed Menkaure
  4470 | D:4      | Reached skill level 11 in Axes
  4786 | D:4      | Reached XP level 8. HP: 66/66 MP: 7/7
  5645 | D:5      | Reached skill level 5 in Fighting
  6858 | D:6      | Reached skill level 12 in Axes
  7179 | D:6      | Reached skill level 5 in Armour
  7185 | D:6      | Reached XP level 9. HP: 64/75 MP: 8/8
  7538 | D:7      | Reached skill level 5 in Dodging
  7582 | D:7      | Found Zin's Purification Station.
  7585 | D:7      | Found a glowing silver altar of Zin.
  7590 | D:7      | Noticed Joseph
  7606 | D:7      | Killed Joseph
  7641 | D:7      | Found a staircase to the Ecumenical Temple.
  7734 | D:7      | Noticed Dowan
  7735 | D:7      | Noticed Duvessa
  7843 | D:7      | Killed Dowan
  8031 | D:7      | Found a flagged portal.
  8035 | Bailey   | Entered a bailey
  8412 | Bailey   | Reached skill level 13 in Axes
  8472 | Bailey   | Noticed an orc knight
  8491 | Bailey   | Killed an orc knight
  8492 | Bailey   | Reached XP level 10. HP: 86/86 MP: 9/9
  8569 | Bailey   | Noticed an orc warlord
  8611 | Bailey   | Mangled by an orc warlord

Illustrated notes

Levels and vault maps discovered:
D:1:      dpeg_arrival_pits, layout_loops_cross, basic_ecumenical_altar
D:2:      layout_basic, uniq_robin, uniq_jessica, uniq_natasha
D:3:      layout_basic, mainiacjoe_overflow_six_doors_small,
          nemelex_xobeh_ov_fountains_minmay
D:4:      minmay_chambers_of_threes, layout_basic, trog_three_pillars_becter,
          grunt_decor_cap, uniq_sigmund, uniq_menkaure, uniq_blork_the_orc
D:5:      kennysheep_steamy, layout_basic
D:6:      layout_basic
D:7:      layout_basic, zin_purify, temple_hall, enter_bailey_1, uniq_duvessa,
          uniq_joseph
Bailey:   bailey_axe_minmay_hex_keep, bailey

Skill      XL: |  1  2  3  4  5  6  7  8  9 |
---------------+----------------------------+-----
Axes           | 4 5 6 7 9 11 12 13 | 13.2
Fighting       | 4 5 7 |  7.5
Armour         | 5 7 |  7.0
Dodging        | 4 6 |  6.4

Action                   |  1- 3 |  4- 6 |  7- 9 | 10-12 || total
-------------------------+-------+-------+-------+-------++-------
Melee: Hand axe          |    79 |   135 |    77 |       ||   291
       Headbutt          |    14 |    24 |    64 |     2 ||   104
       Punch             |     1 |       |     2 |       ||     3
       War axe           |       |       |   210 |    17 ||   227
Invok: Berserk           |       |     4 |    13 |     1 ||    18
       Trog's Hand       |       |     2 |     2 |     1 ||     5
  Use: Scroll            |       |       |       |     4 ||     4
Armor: Animal skin       |    13 |    15 |       |       ||    28
       Chain mail        |       |    28 |   120 |     6 ||   154
Dodge: Dodged            |    54 |    48 |   106 |     6 ||   214
